 Dungeon Crawl Stone Soup version 0.22-a0-596-gfbd32a6 (webtiles) character file.

328 Amnesiac the Prestidigitator (level 6, 0/29 HPs)
             Began as a Spriggan Artificer on July 5, 2018.
             Was a Follower of Ru.
             Slain by a bullfrog skeleton (5 damage)
             ... on level 4 of the Dungeon.
             The game lasted 00:08:28 (4875 turns).

Amnesiac the Prestidigitator (Spriggan Artificer)   Turns: 4875, Time: 00:08:29

Health: 0/29       AC:  3    Str: 10    XL:     6   Next: 25%
Magic:  13/13      EV: 21    Int: 13    God:    Ru [*.....]
Gold:   144        SH:  0    Dex: 16    Spells: 5/5 levels left

rFire    . . .     SeeInvis +   a - +2 whip (venom)
rCold    . . .     Gourm    .   (shield restricted)
rNeg     . . .     Faith    .   b - +0 robe
rPois    .         Spirit   .   (helmet restricted)
rElec    .         Reflect  .   u - +0 cloak
rCorr    .         Harm     .   (gloves unavailable)
MR       +....                  (boots unavailable)
Stlth    ++........             (no amulet)
HPRegen  0.09/turn              q - ring of protection from magic
MPRegen  0.13/turn              t - +3 ring of evasion

@: very quick
A: very small, unfitting armour, see invisible, herbivore, speed 3, slow
metabolism 2, magic vulnerability 1
a: Renounce Religion


You were on level 4 of the Dungeon.
You worshipped Ru.
Ru was aware of your devotion.
You were not hungry.

You visited 2 branches of the dungeon, and saw 6 of its levels.

You collected 144 gold pieces.

Inventory:

Hand Weapons
 a - a +2 whip of venom (weapon)
Missiles
 n - 82 stones (quivered)
 o - 17 sling bullets
 B - 4 curare-tipped needles
Armour
 b - a +0 robe (worn)
 u - a +0 cloak (worn)
Jewellery
 q - a ring of protection from magic (left hand)
 t - a +3 ring of evasion (right hand)
 D - an uncursed amulet of the gourmand {unknown}
Wands
 d - a wand of enslavement (13)
 e - a wand of random effects (13)
Scrolls
 c - a scroll of immolation {!r, unknown}
 g - a scroll of random uselessness {!r, unknown}
 h - 5 scrolls of identify {!r, unknown}
 i - a scroll of remove curse {!r, unknown}
 l - a scroll of noise {!r, unknown}
 s - a scroll of fog {!r, unknown}
 v - a scroll of amnesia {!r, unknown}
 y - 2 scrolls of fear {!r, unknown}
 C - a scroll of teleportation {!r, unknown}
Potions
 j - a potion of ambrosia {!q, unknown}
 k - 2 potions of curing {!q, unknown}
 m - a potion of magic {!q, unknown}
 p - 2 potions of cancellation {!q, unknown}
 r - a potion of haste {!q, unknown}
 w - a potion of lignification {!q, unknown}
 x - 4 potions of heal wounds {!q, unknown}
 z - a potion of brilliance {!q, unknown}
 A - a potion of berserk rage {!q, unknown}
 E - a potion of degeneration {!q, unknown}
Comestibles
 f - 5 rations


   Skills:
 - Level 0.7 Fighting
   Level 2.1 Short Blades
 - Level 3.0 Dodging
 - Level 2.1 Stealth
 * Level 8.9 Evocations


You had 5 spell levels left.
You didn't know any spells.
Your spell library was empty.

Dungeon Overview and Level Annotations

Branches:
Dungeon (5/15)             Temple (1/1) D:4

Altars:
Elyvilon
Fedhas
Kikubaaqudgha
Makhleb
Nemelex Xobeh
Ru
Sif Muna
Trog
Vehumet
Xom
Lugonu


Innate Abilities, Weirdness & Mutations

You are very small and have problems with some larger weapons.
You are too small for most types of armour.
You have supernaturally acute eyesight. (SInv)
You are a herbivore.
You cover ground extremely quickly.
You need to consume almost no food.
You are slightly vulnerable to magic. (MR-)


Message History

You drop a +0 short sword.
Put on which piece of jewellery? (? for menu, Esc to quit)
t - a +3 ring of evasion (right hand)
Found a stone staircase leading down.
There is a stone staircase leading up here.
There is a stone staircase leading down here.
D - a dented cameo amulet
Found 10 arrows.
h - 4 scrolls labeled LONUEJ ZUOJIRU {!r} (gained 1)
You see here 10 arrows.
A bullfrog skeleton comes into view.
A bullfrog skeleton is nearby!
Evoke which item? (* to show all) (? for menu, Esc to quit)
Aiming: Random Effects
Press: ? - help, Shift-Dir - straight line, f - bullfrog skeleton
Aim: a bullfrog skeleton
Okay, then.
A scorpion comes into view.
You swing at nothing.
The bullfrog skeleton hits you. x2
You hit the scorpion.
The scorpion is poisoned.
The scorpion is moderately wounded.
The bullfrog skeleton hits you. The scorpion barely misses you.
The scorpion misses you.
You kill the scorpion!
Evoke which item? (* to show all) (? for menu, Esc to quit)
Okay, then.
You see here a scroll labeled LONUEJ ZUOJIRU {!r}.
h - 5 scrolls labeled LONUEJ ZUOJIRU {!r} (gained 1)
The bullfrog skeleton closely misses you.
Found a smoky blue potion.
You see here a smoky blue potion {!q}.
E - a smoky blue potion {!q} The bullfrog skeleton hits you.
There is a staircase to the Ecumenical Temple here.
You climb downwards.
Welcome back to the Ecumenical Temple!
There is a staircase back to the Dungeon here.
You start resting.
HP restored.
You start resting.
HP restored.
You climb upwards.
Welcome back to the Dungeon!
There is a staircase to the Ecumenical Temple here.
You barely miss the bullfrog skeleton.
The bullfrog skeleton completely misses you.
You barely miss the bullfrog skeleton. The bullfrog skeleton hits you.
The bullfrog skeleton hits you!
You hit the bullfrog skeleton.
The bullfrog skeleton is moderately damaged.
The bullfrog skeleton completely misses you.
You hit the bullfrog skeleton.
The bullfrog skeleton is moderately damaged.
The bullfrog skeleton hits you.
* * * LOW HITPOINT WARNING * * *
The bullfrog skeleton closely misses you.
You barely miss the bullfrog skeleton.
The bullfrog skeleton is moderately damaged.
The bullfrog skeleton hits you but does no damage.
You hit the bullfrog skeleton.
The bullfrog skeleton is heavily damaged.
The bullfrog skeleton hits you.
* * * LOW HITPOINT WARNING * * *
The bullfrog skeleton barely misses you.
The bullfrog skeleton hits you.
You die...

............Z#
#...........#
..#Z########.#
##########.##
#.#..........####
#.# #
##########....##
#.# #.##..####
#.# #........#
#.# #..8.8.8.##
#.# #...⌠.⌠...#
#.# ##..8.@Z8..#
#.#
.......⌠.⌠...#
#.#
####..8.8.8..#
#.# ............#
#.# #####..####.#
#.# .........###
#.# ###.........#
#.# #.#####.#.#
#.# #.
###.#.#######.#


You could see a bullfrog skeleton.

Vanquished Creatures
  A scorpion (D:4)
  2 hounds
  An iguana (D:4)
  A worker ant zombie (D:5)
  5 gnolls
  4 adders
  An ooze (D:1)
  An adder skeleton (D:4)
  2 worms
  2 dart slugs
  2 leopard geckos (D:1)
  10 orcs
  6 bats
  4 giant cockroaches
  7 goblins
  9 hobgoblins
  7 jackals
  3 quokkas
  6 frilled lizards
  6 kobolds
  4 rats
84 creatures vanquished.

Vanquished Creatures (others)
  An orc priest (D:4)
1 creature vanquished.

Grand Total: 85 creatures vanquished

Notes
Turn   | Place    | Note
-------+----------+-------------------------------------------
     0 | D:1      | Amnesiac the Spriggan Artificer began the quest for the Orb.
     0 | D:1      | Reached XP level 1. HP: 9/9 MP: 4/4
   331 | D:4      | Found a staircase to the Ecumenical Temple.
   334 | D:4      | Noticed a hound
   341 | Temple   | Entered the Ecumenical Temple
   348 | Temple   | Killed a hound
   348 | Temple   | Reached skill level 5 in Evocations
   348 | Temple   | Reached XP level 2. HP: 10/14 MP: 4/6
   348 | Temple   | Reached XP level 3. HP: 12/17 MP: 4/7
   383 | Temple   | Became a worshipper of Ru the Awakened
  1493 | D:1      | Reached skill level 6 in Evocations
  1493 | D:1      | Reached XP level 4. HP: 21/21 MP: 9/9
  2163 | D:2      | Gained mutation: You are slightly vulnerable to magic. (MR-) [Ru sacrifice]
  2163 | D:2      | Reached * piety under Ru
  2945 | D:3      | Reached skill level 7 in Evocations
  3064 | D:3      | Reached XP level 5. HP: 5/25 MP: 11/11
  3312 | D:3      | Found a white marble altar of Elyvilon.
  4116 | D:4      | Reached skill level 8 in Evocations
  4191 | D:5      | Entered Level 5 of the Dungeon
  4479 | D:4      | Reached XP level 6. HP: 28/29 MP: 13/13
  4875 | D:4      | Slain by a bullfrog skeleton

Vault maps used:
D:1:      onia_arrival_mini_maze_b
D:3:      first_ration, elyvilon_altar_3
D:4:      minmay_temple_entry_statues_fountains
D:5:      minitemple, ebering_ghost_reflecting_pool, lemuel_flamethrower_1,
          uniq_sigmund, uniq_pikel
Temple:   corrupted_temple

Skill      XL: |  1  2  3  4  5 |
---------------+----------------+-----
Short Blades   | 2 |  2.1
Evocations     | 5 6 7 8 |  8.9
Stealth        | 2 |  2.1
Fighting       | |  0.7
Dodging        | |  3.0

Action                   |  1- 3 |  4- 6 || total
-------------------------+-------+-------++-------
Melee: Short sword       |    92 |   278 ||   370
       Whip              |       |     7 ||     7
Invok: Sacrifice Essence |       |     1 ||     1
Evoke: Wand              |     4 |    15 ||    19
 Stab: Sleeping          |     2 |     7 ||     9
  Eat: Ration            |       |     3 ||     3
Armor: Robe              |    14 |    25 ||    39
Dodge: Dodged            |    77 |   240 ||   317

Table legend:
 A = Spawn XP
 B = Non-spawn XP
 C = Spawn XP percentage of total XP
 D = Spawn monster count
 E = Non-spawn monster count
 F = Spawn count percentage of total count
 G = Total turns spent on level
                    A         B        C        D         E        F      G
               +---------+---------+-------+---------+---------+-------+---------
         Total |       0 |     469 |   0.0 |       0 |      84 |   0.0 |  4875
               +---------+---------+-------+---------+---------+-------+---------
           D:1 |       0 |      55 |   0.0 |       0 |      21 |   0.0 |  1011
           D:2 |       0 |      53 |   0.0 |       0 |      28 |   0.0 |  1364
           D:3 |       0 |     144 |   0.0 |       0 |      17 |   0.0 |  1605
           D:4 |       0 |     157 |   0.0 |       0 |      16 |   0.0 |   483
           D:5 |       0 |      17 |   0.0 |       0 |       1 |   0.0 |   226
        Temple |       0 |      43 |   0.0 |       0 |       1 |   0.0 |   186
               +---------+---------+-------+---------+---------+-------+---------
